 Dungeon Crawl Stone Soup version 0.30-a0-618-gd6c86c23d0 (webtiles) character file.

Game seed: 12217116198941059903

2604 acebull12 the Grappler (level 9, 0/88 HPs)
             Began as a Troll Cinder Acolyte on Jan 10, 2023.
             Was an Elder of Ignis.
             Killed from afar by a gargoyle (25 damage)
             ... with a stone arrow
             ... on level 7 of the Dungeon.
             The game lasted 00:13:10 (6278 turns).

acebull12 the Grappler (Troll Cinder Acolyte)       Turns: 6278, Time: 00:13:11

Health: 0/88       AC:  4    Str: 28    XL:     9   Next: 33%
Magic:  9/9        EV: 10    Int: 10    God:    Ignis [****..]
Gold:   448        SH:  0    Dex:  5    Spells: 10/10 levels left

rFire   + . .      SeeInvis .      - Unarmed
rCold   . . .      Faith    .    (no shield)
rNeg    . . .      Spirit   .    a - +0 robe
rPois   +          Reflect  .    (helmet restricted)
rElec   .          Harm     .    C - scarf {repulsion}
rCorr   .          Rampage  .    (gloves unavailable)
Will    +....                    (boots unavailable)
Stlth   +                        (no amulet)
HPRegen 1.14/turn                m - ring of poison resistance
MPRegen 0.11/turn                c - ring of willpower

@: repel missiles
A: large, unfitting armour, claws 3, regeneration 1, shaggy fur 1, tough skin 1
a: Renounce Religion, Fiery Armour, Foxfire Swarm, Rising Flame


You were on level 7 of the Dungeon.
You worshipped Ignis.
Ignis was greatly pleased with you.
You visited 2 branches of the dungeon, and saw 8 of its levels.
You also visited: Ossuary.

You collected 448 gold pieces.

Inventory:

Missiles
 b - 71 stones (quivered)
Armour
 a - a +0 robe (worn)
 C - a scarf of repulsion (worn)
Jewellery
 c - a ring of willpower (right claw)
 m - a ring of poison resistance (left claw)
 o - a ring of protection from fire
 p - a ring of protection from fire
 s - a +6 ring of dexterity
 t - a +6 ring of intelligence
Wands
 r - a wand of digging (7)
 u - a wand of flame (25)
Scrolls
 e - 4 scrolls of teleportation {unknown}
 f - a scroll of noise {unknown}
 h - a scroll of amnesia {unknown}
 i - 2 scrolls of butterflies {unknown}
 k - a scroll of magic mapping {unknown}
 n - a scroll of fear {unknown}
 x - a scroll of torment {unknown}
 y - a scroll of brand weapon {unknown}
 A - a scroll of poison {unknown}
 D - a scroll of blinking {unknown}
Potions
 d - 6 potions of curing
 g - a potion of heal wounds {unknown}
 j - 2 potions of invisibility
 l - 3 potions of haste
 q - 2 potions of mutation
 v - 5 potions of attraction
 w - 3 potions of resistance
 z - 3 potions of flight
 B - a potion of brilliance {unknown}


   Skills:
 * Level 5.0 Fighting
 * Level 4.2 Dodging
 + Level 0.4 Stealth
 * Level 10.7 Unarmed Combat
 - Level 1.0 Spellcasting
 - Level 2.2 Fire Magic


You had 10 spell levels left.
You didn't know any spells.
Your spell library contained the following spells:

 Spells                   Type           Power      Damage    Failure   Level
 Scorch                   Fire           10%        2d5       21%         2
 Slow                     Hex            0%         N/A       34%         1
 Sublimation of Blood     Necr           0%         N/A       45%         2
 Confusing Touch          Hex            0%         N/A       71%         3
 Vampiric Draining        Necr           0%         2d6       71%         3
 Petrify                  Tmut/Erth      0%         N/A       98%         4
 Irradiate                Conj/Tmut      0%         3d11      100%        5


Dungeon Overview and Level Annotations

Branches:
Dungeon (7/15)             Temple (1/1) D:5         Ossuary (visited)

Altars:
Cheibriados
Dithmenos
Elyvilon
Fedhas
Gozag
Hepliaklqana
Nemelex Xobeh
Okawaru
Qazlal
Ru
Sif Muna
Trog
Uskayaw
Vehumet
Wu Jian
Xom
Yredelemnul
Zin
The Shining One

Shops:
D:2 (   D:6 *


Innate Abilities, Weirdness & Mutations

You are too large for most types of armour.
You have claws for hands.
Your natural rate of healing is unusually fast.
You are covered in fur. (AC +1)
You have tough skin. (AC +1)


Message History

You claw the iguana! Your claw misses the iguana.
The iguana is almost dead.
The iguana bites you.
You claw the iguana!
You kill the iguana!
The gargoyle hurls a stone arrow at you.
The stone arrow is repelled.
The gargoyle hits you with a +0 mace!!
You scratch the gargoyle.
The gargoyle is lightly damaged.
The gargoyle hurls a stone arrow at you.
The stone arrow misses you.
You closely miss the gargoyle.
The gargoyle is lightly damaged.
The gargoyle hits you with a +0 mace.
You scratch the gargoyle but do no damage.
The gargoyle is lightly damaged.
You scratch the gargoyle.
The gargoyle is moderately damaged.
The gargoyle misses you.
You claw the gargoyle!
The gargoyle is heavily damaged.
The gargoyle hits you with a +0 mace!
You scratch the gargoyle.
The gargoyle is heavily damaged.
The gargoyle hits you with a +0 mace!
You are too injured to fight recklessly!
You are too injured to fight recklessly!
You are too injured to fight recklessly!
You scratch the gargoyle.
The gargoyle is severely damaged.
The gargoyle hits you with a +0 mace!
* * * LOW HITPOINT WARNING * * *
You scratch the gargoyle but do no damage.
The gargoyle is severely damaged.
You scratch the gargoyle.
The gargoyle is severely damaged.
The gargoyle hurls a stone arrow at you.
The stone arrow hits you!!
You die...

..#....#...#....#
..#....'...+....#
..#....#...#....#
..#....#...###'##
#'#....#....#...#
.......#....#...#
.......#######'########
.......# #.†.......#
.......# #...@.....#
.......# #....9....#
.......# #.........#
.......# ###.......#
.......# #.......#
.......+ .$......#
.......# ....#####
.......# .....#
.......#


You could see a gargoyle.

Vanquished Creatures
  Grinder (D:4)
  Prince Ribbit (D:5)
  A steam dragon (D:6)
  2 water moccasins
  A sky beast (D:6)
  A centaur (D:6)
  2 phantoms
  A gnoll sergeant (D:7)
  2 scorpions
  6 water moccasin zombies (Ossuary)
  4 wights (D:7)
  3 hounds (D:5)
  A jelly (D:6)
  Crazy Yiuf (D:3)
  A gnoll bouda (D:5)
  An orc priest (D:4)
  4 iguanas
  2 orc wizards
  Ijyb (D:3)
  Natasha (thrice) (D:2)
  2 mummies (Ossuary)
  10 gnolls
  11 adders
  A shadow imp (D:5)
  A white imp (D:5)
  An ufetubus (D:7)
  4 adder zombies (Ossuary)
  A dart slug (D:1)
  16 orcs
  6 endoplasms
  2 giant cockroaches
  4 gnoll zombies (Ossuary)
  10 goblins
  11 hobgoblins
  4 jackals (D:1)
  5 quokkas
  3 ball pythons
  4 bats
  3 frilled lizards
  2 hobgoblin zombies (Ossuary)
  9 kobolds
  4 kobold zombies (Ossuary)
  3 orc zombies (Ossuary)
  6 rats
162 creatures vanquished.

Vanquished Creatures (collateral kills)
  7 foxfires (D:5)
7 creatures vanquished.

Vanquished Creatures (others)
  27 foxfires
  4 plants (D:1)
31 creatures vanquished.

Grand Total: 200 creatures vanquished

Notes
Turn   | Place    | Note
-------+----------+-------------------------------------------
     0 | D:1      | acebull12 the Troll Cinder Acolyte began the quest for the
                  | Orb.
     0 | D:1      | Reached XP level 1. HP: 22/22 MP: 1/1
   127 | D:1      | Reached XP level 2. HP: 27/29 MP: 2/2
   143 | D:1      | Found a faded altar of an unknown god.
   411 | D:1      | Reached XP level 3. HP: 36/36 MP: 3/3
  1237 | D:2      | Found Ibean's Weapon Shoppe.
  1238 | D:2      | Noticed Natasha
  1247 | D:2      | Killed Natasha
  1248 | D:2      | Reached skill level 4 in Unarmed Combat
  1248 | D:2      | Reached XP level 4. HP: 20/45 MP: 4/4
  1605 | D:2      | Noticed Natasha
  1611 | D:2      | Killed Natasha
  1750 | D:2      | Noticed Natasha
  1758 | D:2      | Killed Natasha
  1759 | D:2      | Reached XP level 5. HP: 50/53 MP: 5/5
  1868 | D:3      | Noticed Ijyb
  1872 | D:3      | Reached skill level 5 in Unarmed Combat
  1885 | D:3      | Killed Ijyb
  1886 | D:3      | Reached skill level 1 in Dodging
  1979 | D:3      | HP: 1/53 [gnoll/+0 spear (2)]
  2216 | D:3      | Found a sparkling altar of Nemelex Xobeh.
  2217 | D:3      | Found an opulent altar of Gozag.
  2256 | D:3      | Found a runed translucent door.
  2257 | D:3      | Noticed Crazy Yiuf
  2381 | D:3      | Killed Crazy Yiuf
  2382 | D:3      | Reached XP level 6. HP: 12/62 MP: 6/6
  2549 | D:4      | Found a sand-covered staircase.
  2556 | Ossuary  | Entered an ossuary
  2633 | Ossuary  | Reached skill level 6 in Unarmed Combat
  2694 | Ossuary  | Reached XP level 7. HP: 51/70 MP: 7/7
  2924 | D:4      | Reached skill level 7 in Unarmed Combat
  3033 | D:4      | Noticed Grinder
  3068 | D:4      | Killed Grinder
  3129 | D:4      | Identified the +1 ring mail "Guweziso" {rElec Int+4 Slay+2
                  | Stlth-}
  3276 | D:4      | Found a shimmering blue altar of Sif Muna.
  3395 | D:4      | Found an ornate altar of the Wu Jian Council.
  3546 | D:5      | Entered Level 5 of the Dungeon
  3811 | D:5      | Reached XP level 8. HP: 77/78 MP: 8/8
  3868 | D:5      | Reached skill level 8 in Unarmed Combat
  3977 | D:5      | Found a staircase to the Ecumenical Temple.
  4093 | D:5      | Found a white marble altar of Elyvilon.
  4094 | D:5      | Found a shimmering altar of Xom.
  4300 | D:5      | Noticed Prince Ribbit
  4350 | D:5      | Killed Prince Ribbit
  4351 | D:5      | Reached skill level 9 in Unarmed Combat
  4659 | Temple   | Entered the Ecumenical Temple
  5050 | D:6      | Found a snail-covered altar of Cheibriados.
  5273 | D:6      | Found Kurhappu's Lightly-Used Armoury.
  5462 | D:6      | Reached XP level 9. HP: 80/85 MP: 9/9
  5698 | D:6      | Reached skill level 10 in Unarmed Combat
  6153 | D:7      | Reached skill level 5 in Fighting
  6263 | D:7      | Noticed a gargoyle
  6278 | D:7      | Killed from afar by a gargoyle

Illustrated notes

Levels and vault maps discovered:
D:1:      lemuel_arrival_cross, layout_basic, chequers_ecumenical_altar_island,
          amcnicky_mini_pool_small, serial_bayou_lagoon_b
D:2:      layout_basic, serial_shops, nicolae_shop_stone, minmay_goblin_outpost,
          uniq_natasha
D:3:      layout_rooms, grunt_temple_overflow_opulence,
          hangedman_decor_opposing, fountainhead, uniq_crazy_yiuf_cottage,
          uniq_ijyb
D:4:      nicolae_cairo_tiling_large, layout_loops_ring,
          nicolae_sif_muna_condensation, mainiacjoe_overflow_alcove_1,
          nicolae_ossuary_entry_monument, uniq_grinder
D:5:      layout_basic, gammafunk_temple_overflow_pools,
          minmay_temple_entry_junction_2, chequers_big_river,
          minmay_misc_feat_pillars, uniq_prince_ribbit1
D:6:      layout_basic, cheibriados_altar_1, hangedman_decor_peaks_small,
          minmay_shop_damaged
D:7:      layout_gridville, mainiacjoe_overflow_catwalk,
          makhleb_heckhound_becter
Temple:   nicolae_temple_ecumenical_triangle

Skill      XL: |  1  2  3  4  5  6  7  8  9 |
---------------+----------------------------+-----
Fighting       | 3 4 5 |  5.0
Unarmed Combat | 4 5 6 7 9 10 | 10.7
Dodging        | 1 2 3 4 |  4.2
Stealth        | |  0.4
Spellcasting   | |  1.0
Fire Magic     | |  2.2

Action                   |  1- 3 |  4- 6 |  7- 9 || total
-------------------------+-------+-------+-------++-------
Melee: Unarmed           |   120 |   189 |   226 ||   535
       Punch             |     1 |     3 |     7 ||    11
Invok: Foxfire Swarm     |       |       |     2 ||     2
       Fiery Armour      |       |       |     1 ||     1
  Use: Scroll            |       |       |     7 ||     7
Armor: Robe              |    40 |    51 |    39 ||   130
Dodge: Dodged            |    52 |    82 |   107 ||   241
       Repelled          |       |       |     3 ||     3

Table legend: (Time is in decaauts)
 A = Elapsed time spent in this place.
 B = Non-inter-level travel time spent in this place.
 C = Inter-level travel time spent in this place.
 D = Time resting spent in this place.
 E = Time spent auto-exploring this place.
 F = Levels seen in this place.
 G = Mean time per level.
                   A        B        C        D        E       F      G
               +--------+--------+--------+--------+--------+-----+--------+
         Total |   6219 |   5237 |    982 |    345 |   3774 |   9 |  691.0 |
       Dungeon |   5943 |   4984 |    959 |    329 |   3652 |   7 |  849.0 |
        Temple |     63 |     40 |     23 |      0 |     30 |   1 |   63.0 |
       Ossuary |    213 |    213 |      0 |     16 |     92 |   1 |  213.0 |
               +--------+--------+--------+--------+--------+-----+--------+

Top non-repeatable levels by time:
     D:6: 1039 daAuts
     D:4: 1011 daAuts
     D:5: 985 daAuts
     D:2: 981 daAuts
     D:3: 774 daAuts
     D:1: 767 daAuts
     D:7: 383 daAuts
 Ossuary: 213 daAuts
  Temple: 63 daAuts
